 Dungeon Crawl Stone Soup version 0.19.0-11-g3fc08b3 (webtiles) character file.

38966 Garfong the Grappler (level 13, -10/127 HPs)
             Began as a Troll Monk on Nov 7, 2016.
             Was a Believer of Uskayaw.
             Mangled by a crocodile (14 damage)
             ... on level 5 of the Lair of Beasts on Nov 10, 2016.
             The game lasted 01:28:39 (16304 turns).

Garfong the Grappler (Troll Monk)                  Turns: 16304, Time: 01:28:41

Health: -10/127    AC:  9    Str: 22    XL:     13   Next: 66%
Magic:  19/19      EV: 19    Int:  6    God:    Uskayaw [**....]
Gold:   1717       SH:  0    Dex: 16    Spells: 0 memorised, 12 levels left

rFire  . . .     SeeInvis +       - Unarmed
rCold  . . .     Gourm    +     v - +1 troll leather armour
rNeg   . . .     Faith    .     (no shield)
rPois  .         Spirit   .     (helmet restricted)
rElec  .         Reflect  .     i - +0 cloak
rCorr  .         Harm     .     (gloves unavailable)
MR     .....                    (boots unavailable)
Stlth  ++........               (no amulet)
                                F - ring of see invisible
                                b - +4 ring of evasion

@: about to teleport
A: unfitting armour, claws 3, fast metabolism 3, gourmand, regeneration 1,
shaggy fur 1, tough skin 2
a: Stomp, Line Pass, Renounce Religion


You were on level 5 of the Lair of Beasts.
You worshipped Uskayaw.
Uskayaw was aware of your devotion.
You were completely stuffed.

You visited 4 branches of the dungeon, and saw 23 of its levels.
You also visited: Labyrinth and Ossuary.

You collected 1717 gold pieces.

Inventory:

Hand Weapons
 D - a +0 eveningstar
 E - a +1 giant spiked club
Missiles
 e - 8 javelins (quivered)
 u - 33 tomahawks
Armour
 i - a +0 cloak (worn)
 v - a +1 troll leather armour (worn)
 w - a +0 robe of magic resistance
Jewellery
 b - a +4 ring of evasion (left claw)
 d - an uncursed ring of protection from magic
 q - an uncursed ring of protection from cold
 B - an uncursed ring of wizardry
 F - a ring of see invisible (right claw)
 R - a +6 ring of dexterity
Wands
 o - a wand of confusion (7/48)
 p - a wand of slowing (13/48)
 r - a wand of iceblast (5/15)
 y - a wand of lightning (7/15)
 Q - a wand of disintegration (14/24)
 W - a wand of lightning (7/15)
 X - a wand of random effects (26/48)
 Y - a wand of flame (43/48)
Scrolls
 f - 3 scrolls of teleportation
 z - 7 scrolls of remove curse
 A - 7 scrolls of magic mapping
 C - 4 scrolls of identify
 G - 2 scrolls of recharging
 M - 3 scrolls of amnesia
 O - a scroll of summoning
 S - 2 scrolls of enchant weapon
 V - a scroll of fog
 Z - a scroll of torment
Potions
 j - 5 potions of might
 l - a potion of agility
 s - a potion of cure mutation
 t - 3 potions of brilliance
 x - 4 potions of curing
 H - 4 potions of lignification
 J - 2 potions of flight
 N - 3 potions of cancellation
 T - a potion of ambrosia
 U - 2 potions of mutation
Books
 a - a book of Enchantments

   Spells                             Type                      Level
   a - Cause Fear                     Hexes                        4
   b - Yara's Violent Unravelling     Hexes/Transmutation          5
   c - Silence                        Hexes/Air                    5
   d - Deflect Missiles               Charms/Air                   6
   e - Discord                        Hexes                        8
 L - the Catalogue of Boosts
   (You found it in a labyrinth)

   Spells                             Type                      Level
   a - Regeneration                   Charms/Necromancy            3
   b - Spectral Weapon                Hexes/Charms                 3
   c - Excruciating Wounds            Charms/Necromancy            5
Miscellaneous
 P - a fan of gales
Comestibles
 c - 8 bread rations
 g - 2 slices of pizza
 h - 38 fruits
 k - 5 beef jerkies
 m - 6 chunks of flesh
 n - 3 royal jellies
 I - 3 meat rations


   Skills:
 - Level 7.8 Fighting
   Level 2.4 Long Blades
 - Level 1.6 Maces & Flails
 + Level 6.2 Throwing
 - Level 4.0 Armour
 - Level 8.4 Dodging
 - Level 1.0 Stealth
 - Level 14.1 Unarmed Combat
 - Level 10.1 Invocations


You had 12 spell levels left.
You didn't know any spells.

Dungeon Overview and Level Annotations

Branches:
Dungeon (15/15)            Temple (1/1) D:5            Lair (5/6) D:9
  Swamp (0/4) Lair:2        Snake (0/4) Lair:2          Orc (2/2) D:11
    Elf (0/3) Orc:2        Vaults (0/5) D:13         Depths (0/5) D:15
  Slime: Lair:5-6

Altars:
Ashenzari
Cheibriados
Dithmenos
Elyvilon
Fedhas
Gozag
Hepliaklqana
Kikubaaqudgha
Makhleb
Nemelex Xobeh
Okawaru
Qazlal
Ru
Sif Muna
Trog
Uskayaw
Vehumet
Xom
Yredelemnul
Zin
The Shining One
Beogh
Jiyva

Annotations:
Lair:5 1 runed door


Innate Abilities, Weirdness & Mutations

You are too large for most types of armour.
You have claws for hands.
Your metabolism is lightning-fast.
You like to eat raw meat.
Your natural rate of healing is unusually fast.
You are covered in fur. (AC +1)
You have very tough skin. (AC +2)


Message History

* * * LOW HITPOINT WARNING * * *
The eight-headed hydra completely misses you.
The eight-headed hydra barely misses you.
The eight-headed hydra bites you but does no damage.
The eight-headed hydra bites you!
* * * LOW HITPOINT WARNING * * *
As you read the scroll of teleportation, it crumbles to dust.
You feel strangely unstable.
The eight-headed hydra barely misses you.
The eight-headed hydra misses you. The eight-headed hydra bites you!
* * * LOW HITPOINT WARNING * * *
The eight-headed hydra misses you.
The eight-headed hydra completely misses you.
The eight-headed hydra bites you.
* * * LOW HITPOINT WARNING * * *
The eight-headed hydra bites you.
* * * LOW HITPOINT WARNING * * *
The eight-headed hydra barely misses you.
The crocodile bites you!
You die...

.....?...#..#....
...(..(...%..P..P.
........#.........#...P....
#...........................
###................##.P........
...................#...#......(
..............##F..P...........
...........>..##D#..P..........
...P............@#.............
.................t...........#.
.......#........?..............
...............<.............#
......................P....#.#
..........#.P...........P###
...........P............##
##.................#.....
..........................


You could see an eight-headed hydra, a crocodile and a bullfrog.

Vanquished Creatures
  Snorg (D:10)
  A minotaur (Lab)
  Fannar (Lair:3)
  2 hydras
  The ghost of xnavy the Arsonist, a journeyman DgFE (Lair:2)
  Harold (Lair:4)
  A centaur warrior (D:13)
  3 tengu warriors
  A death yak (D:9)
  A slime creature (D:13)
  3 hill giants
  A deep elf mage (D:13)
  2 orc sorcerers
  3 ugly things
  A manticore (D:13)
  Maurice (D:11)
  An elephant (D:9)
  2 black mambas
  3 spiny frogs (Lair:4)
  5 centaur skeletons
  A tengu conjurer (D:13)
  4 trolls
  A tyrant leech (Lair:2)
  A hornet (D:13)
  14 blink frogs
  A two-headed ogre (Orc:2)
  8 hippogriffs
  A shadow (D:11)
  A wraith (D:13)
  A wyvern (D:13)
  A water elemental (D:12)
  A basilisk (Lair:4)
  A steam dragon (D:9)
  23 yaks
  4 nagas (Lair:2)
  7 hungry ghosts
  2 wargs
  2 mottled dragons (D:13)
  13 water moccasins
  9 porcupines
  3 phantoms
  A sky beast (D:8)
  A hornet zombie (D:9)
  2 eyes of draining (D:5)
  An ice beast (D:8)
  A necrophage (D:11)
  14 orc warriors
  7 ogres
  14 wolves
  4 centaurs
  8 crocodiles
  An elf zombie (Ossuary)
  3 big kobolds
  6 bullfrogs
  2 scorpions
  6 killer bees (D:13)
  A water moccasin skeleton (D:10)
  A howler monkey (D:10)
  An electric eel (D:12)
  5 centaur zombies
  5 crimson imps
  4 bullfrog zombies
  8 hounds
  3 human zombies (Ossuary)
  4 jellies
  12 orc priests
  A bullfrog skeleton (D:7)
  16 orc wizards
  5 iguanas
  Jessica (D:3)
  A gnoll shaman (D:4)
  4 hell rats (Lair:4)
  4 worker ants
  2 hound skeletons
  2 mummies (Ossuary)
  A worker ant zombie (D:10)
  Robin (D:3)
  A howler monkey zombie (D:9)
  9 gnolls
  5 adders
  2 shadow imps
  An adder zombie (Ossuary)
  2 adder skeletons
  4 worms
  3 dart slugs
  3 leopard geckos
  58 orcs
  3 ball pythons
  20 goblins
  12 hobgoblins
  2 jackals (D:1)
  17 kobolds
  3 quokkas
  3 bats
  3 frilled lizards
  12 hobgoblin zombies (Ossuary)
  5 jackal zombies
  8 kobold zombies (Ossuary)
  5 orc zombies (Ossuary)
  A quokka skeleton (D:8)
  3 rats
472 creatures vanquished.

Vanquished Creatures (others)
  2 orcs
  4 fungi
  2 plants (Lair:5)
8 creatures vanquished.

Grand Total: 480 creatures vanquished

Notes
Turn   | Place    | Note
-------+----------+-------------------------------------------
     0 | D:1      | Garfong the Troll Monk began the quest for the Orb.
     0 | D:1      | Reached XP level 1. HP: 22/22 MP: 0/0
     3 | D:1      | Upgraded the game from 0.19.0-2-gae57169 to 0.19.0-11-g3fc08b3
    49 | D:1      | Reached skill level 1 in Unarmed Combat
   398 | D:1      | You fall through a shaft!
   401 | D:2      | Reached XP level 2. HP: 23/29 MP: 1/1
   437 | D:2      | Reached skill level 2 in Unarmed Combat
   576 | D:2      | Reached XP level 3. HP: 9/36 MP: 2/2
   593 | D:2      | Reached skill level 3 in Unarmed Combat
  1476 | D:3      | Noticed Robin
  1485 | D:3      | Killed Robin
  1485 | D:3      | Reached XP level 4. HP: 38/44 MP: 3/3
  1697 | D:3      | Reached skill level 4 in Unarmed Combat
  1736 | D:3      | Noticed Jessica
  1739 | D:3      | Killed Jessica
  1970 | D:3      | Found a deep blue altar of Sif Muna.
  2208 | D:3      | Reached XP level 5. HP: 46/50 MP: 4/4
  2264 | D:4      | Reached skill level 5 in Unarmed Combat
  2385 | D:4      | Reached skill level 6 in Unarmed Combat
  2385 | D:4      | Reached XP level 6. HP: 55/59 MP: 5/5
  2486 | D:4      | Found a blossoming altar of Fedhas.
  2790 | D:4      | Found a bloodstained altar of Trog.
  2903 | D:4      | Reached skill level 7 in Unarmed Combat
  2979 | D:4      | Found a shadowy altar of Dithmenos.
  3028 | D:4      | Reached XP level 7. HP: 66/66 MP: 6/6
  3090 | D:4      | Found a glowing silver altar of Zin.
  3100 | D:4      | Found a burning altar of Makhleb.
  3187 | D:5      | Entered Level 5 of the Dungeon
  3238 | D:5      | Reached skill level 8 in Unarmed Combat
  3277 | D:5      | Found a bloodstained altar of Trog.
  3303 | D:5      | Reached skill level 9 in Unarmed Combat
  3416 | D:5      | Reached XP level 8. HP: 74/74 MP: 7/7
  3642 | D:5      | Found a staircase to the Ecumenical Temple.
  3659 | Temple   | Entered the Ecumenical Temple
  3735 | Temple   | Became a worshipper of Uskayaw the Reveler
  3735 | Temple   | Reached * piety under Uskayaw
  3795 | D:5      | Reached ** piety under Uskayaw
  4032 | D:6      | Reached *** piety under Uskayaw
  4112 | D:6      | Found a basalt altar of Yredelemnul.
  4356 | D:6      | Reached skill level 10 in Unarmed Combat
  4418 | D:7      | Found a sand-covered staircase.
  4422 | Ossuary  | Entered an ossuary
  4571 | Ossuary  | Reached **** piety under Uskayaw
  4584 | Ossuary  | Reached ***** piety under Uskayaw
  5078 | D:7      | Reached skill level 11 in Unarmed Combat
  5091 | D:7      | Noticed a hippogriff
  5102 | D:7      | Killed a hippogriff
  5103 | D:7      | Reached XP level 9. HP: 69/80 MP: 8/8
  5780 | D:8      | Noticed a hill giant
  5792 | D:8      | Killed a hill giant
  5792 | D:8      | Reached skill level 12 in Unarmed Combat
  6182 | D:8      | Found a shimmering altar of Xom.
  6637 | D:9      | Found a staircase to the Lair.
  6637 | D:9      | Noticed an elephant
  6638 | D:9      | Noticed a death yak
  6649 | D:9      | Killed an elephant
  6651 | D:9      | Reached XP level 10. HP: 62/94 MP: 9/9
  6658 | D:9      | Killed a death yak
  6658 | D:9      | Reached skill level 5 in Fighting
  7195 | D:9      | Noticed a hill giant
  7205 | D:9      | Killed a hill giant
  7311 | D:10     | Entered Level 10 of the Dungeon
  7383 | D:10     | Noticed Snorg
  7390 | D:10     | Noticed a hill giant
  7400 | D:10     | Killed Snorg
  7400 | D:10     | Reached skill level 1 in Armour
  7400 | D:10     | Reached skill level 5 in Dodging
  7407 | D:10     | Killed a hill giant
  7531 | D:10     | Reached XP level 11. HP: 109/109 MP: 10/10
  7899 | D:11     | Found a staircase to the Orcish Mines.
  8176 | D:11     | Noticed Maurice
  8409 | D:11     | Killed Maurice
  8619 | Orc:1    | Entered Level 1 of the Orcish Mines
  8681 | Lair:1   | Entered Level 1 of the Lair of Beasts
  8862 | Lair:1   | Reached skill level 1 in Invocations
  9470 | Lair:2   | Found a labyrinth entrance.
  9490 | Lab      | Entered a labyrinth
  9661 | Lab      | Noticed a minotaur
  9677 | Lab      | Killed a minotaur
  9687 | Lab      | Identified Yfrich's Reference Book on Stones
  9690 | Lab      | Identified the Catalogue of Boosts
  9742 | Lair:2   | Noticed xnavy's ghost (journeyman DgFE)
  9763 | Lair:2   | Killed xnavy's ghost
  9763 | Lair:2   | Reached skill level 5 in Invocations
  9791 | Lair:2   | Reached ****** piety under Uskayaw
  9808 | Lair:2   | Found a staircase to the Snake Pit.
  9995 | Lair:2   | Found a staircase to the Swamp.
 10508 | Lair:3   | Noticed Fannar
 10527 | Lair:3   | Killed Fannar
 10527 | Lair:3   | Reached XP level 12. HP: 74/117 MP: 14/16
 11298 | Lair:4   | Noticed Harold
 11540 | Lair:4   | Noticed an eight-headed hydra
 11796 | Orc:1    | Paralysed by an orc sorcerer for 6 turns
 12015 | Orc:1    | Found a radiant altar of Vehumet.
 12117 | Orc:2    | Entered Level 2 of the Orcish Mines
 12127 | Orc:2    | Found a staircase to the Elven Halls.
 12522 | Orc:2    | Reached skill level 10 in Invocations
 12545 | Orc:2    | Found a roughly hewn altar of Beogh.
 12597 | Orc:2    | Noticed an orc warlord
 12923 | D:12     | Reached skill level 13 in Unarmed Combat
 12936 | D:12     | You fall through a shaft for 3 floors!
 12936 | D:15     | Entered Level 15 of the Dungeon
 12947 | D:15     | Noticed a tengu warrior
 12947 | D:15     | Noticed a tengu warrior
 12964 | D:15     | Killed a tengu warrior
 12977 | D:15     | Killed a tengu warrior
 12982 | D:15     | Found a staircase to the Depths.
 12997 | D:15     | Noticed a fire giant
 13087 | D:13     | Noticed a tengu warrior
 13104 | D:13     | Killed a tengu warrior
 13345 | D:12     | Reached skill level 14 in Unarmed Combat
 13373 | D:12     | Reached XP level 13. HP: 95/124 MP: 19/19
 14378 | D:13     | Reached skill level 1 in Maces & Flails
 14495 | D:13     | Found a gate to the Vaults.
 15173 | Lair:4   | Reached skill level 1 in Throwing
 15835 | Lair:4   | Killed Harold
 16045 | Lair:5   | Found a runed door.
 16045 | Lair:5   | Found a viscous altar of Jiyva.
 16045 | Lair:5   | Noticed an azure jelly
 16132 | Lair:5   | Reached skill level 5 in Throwing
 16304 | Lair:5   | HP: 6/127 [eight-headed hydra (3)]
 16304 | Lair:5   | Mangled by a crocodile

Skill      XL: |  1  2  3  4  5  6  7  8  9 10 11 12 13 |
---------------+----------------------------------------+-----
Unarmed Combat | 1 2 3 4 6 7 9 11 12 14 | 14.1
Dodging        | 4 5 7 8 |  8.4
Fighting       | 4 7 |  7.8
Armour         | 2 4 |  4.0
Invocations    | 7 10 | 10.1
Maces & Flails | 1 |  1.6
Throwing       | 6 |  6.2
Long Blades    | |  2.4
Stealth        | |  1.0

Action                   |  1- 3 |  4- 6 |  7- 9 | 10-12 | 13-15 || total
-------------------------+-------+-------+-------+-------+-------++-------
Melee: Unarmed           |   124 |   104 |   329 |   636 |   241 ||  1434
       Punch             |       |     4 |    22 |    49 |    24 ||    99
       Eveningstar       |       |       |       |       |     2 ||     2
Throw: Javelin           |       |       |       |    15 |    19 ||    34
       Tomahawk          |       |       |       |     7 |       ||     7
       Large rock        |       |       |       |     8 |    12 ||    20
Invok: Stomp             |       |       |     1 |     1 |       ||     2
       Line Pass         |       |       |       |     3 |     1 ||     4
       Grand Finale      |       |       |       |     1 |     1 ||     2
Evoke: Wand              |       |       |       |     2 |     4 ||     6
       Fan of gales      |       |       |       |     1 |       ||     1
  Use: Potion            |     3 |       |     1 |     5 |       ||     9
       Scroll            |       |     6 |     3 |    19 |     8 ||    36
 Stab: Sleeping          |     2 |     1 |       |     5 |     1 ||     9
       Paralysed         |       |       |    10 |    44 |    20 ||    74
       Confused          |       |       |       |     1 |       ||     1
       Invisible         |       |       |       |     3 |       ||     3
       Distracted        |       |       |       |       |     1 ||     1
  Eat: Chunk             |    19 |    14 |    28 |    55 |    28 ||   144
       Meat ration       |       |       |     1 |     3 |     1 ||     5
Armor: Robe              |    27 |    27 |    51 |     6 |       ||   111
       Troll leather arm |       |       |       |   107 |    51 ||   158
Dodge: Dodged            |    50 |    32 |   169 |   413 |   281 ||   945
